 Dungeon Crawl Stone Soup version 0.25-a0-1078-gea6e5d949a (webtiles) character file.

Game seed: 8531799601101032196, levelgen mode: deterministic

17 Maedhros the Sneak (level 2, -3/18 HPs)
             Began as an Octopode Artificer on May 15, 2020.
             Slain by a hound (6 damage)
             ... on level 3 of the Dungeon.
             The game lasted 00:01:34 (370 turns).

Maedhros the Sneak (Octopode Artificer)              Turns: 370, Time: 00:01:35

Health: -3/18      AC:  1    Str: 11    XL:     2   Next: 62%
Magic:  4/4        EV: 13    Int: 13    God:
Gold:   49         SH:  0    Dex: 12    Spells: 1/1 levels left

rFire    . . .     SeeInvis .   a - +0 short sword
rCold    . . .     Gourm    .   (no shield)
rNeg     . . .     Faith    .   (helmet restricted)
rPois    .         Spirit   .   (no amulet)
rElec    .         Reflect  .   (no ring)
rCorr    .         Harm     .   (no ring)
MR       .....                  (no ring)
Stlth    +++.......             (no ring)
HPRegen  0.06/turn              (no ring)
MPRegen  0.09/turn              (no ring)
                                (no ring)
                                (no ring)

@: no status effects
A: almost no armour, stealthy swim, amphibious, 8 rings, constrict 8, camouflage
1, gelatinous body 1
a: no special abilities


You were on level 3 of the Dungeon.
You were not hungry.

You visited 1 branch of the dungeon, and saw 3 of its levels.

You collected 49 gold pieces.

Inventory:

Hand Weapons
 a - a +0 short sword (weapon)
Missiles
 g - a throwing net (quivered)
 k - 2 silver boomerangs
Wands
 b - a wand of flame (15)
 c - a wand of enslavement (13)
 d - a wand of random effects (15)
 l - a wand of iceblast (6)
Scrolls
 e - a scroll of remove curse
 h - 2 scrolls of identify
 i - 4 scrolls of teleportation {unknown}
Potions
 j - a potion of curing
Comestibles
 f - a ration


   Skills:
 - Level 1.0 Fighting
 - Level 1.0 Short Blades
 - Level 2.0 Dodging
 + Level 3.7 Stealth
 - Level 3.2 Evocations


You had one spell level left.
You didn't know any spells.
Your spell library was empty.

Dungeon Overview and Level Annotations

Branches:
Dungeon (3/15)

Altars:
Gozag
Makhleb


Innate Abilities, Weirdness & Mutations

You cannot wear most types of armour.
You are very stealthy in the water. (Stealth+)
You are amphibious.
You can wear up to eight rings at the same time.
You can use your tentacles to constrict eight enemies at once.
Your skin changes colour to match your surroundings (Stealth+).
Your rubbery body absorbs attacks. (AC +1, EV +1)


Message History

You constrict the hobgoblin. The goblin hits you but does no damage.
The hobgoblin hits you.
You are too injured to fight recklessly!
You are too injured to fight recklessly!
You barely miss the goblin. You grab the goblin.
You constrict the hobgoblin, but do no damage.
You constrict the goblin. The goblin barely misses you.
The hobgoblin barely misses you.
You barely miss the goblin. Your squeeze misses the goblin.
The goblin is severely wounded.
You constrict the hobgoblin. You constrict the goblin.
You kill the goblin!
The hobgoblin closely misses you.
Unknown command.
You hit the hobgoblin.
You kill the hobgoblin!
The hound bites you.
* * * LOW HITPOINT WARNING * * *
The hound bites you.
You die...

##### o..# #.######## #
# #........#.#
#.###.#......#.# ###
......#.###..#.# #..##
...............###.._∩#
.###.<....)...##.h.†.#
#.........##.@#
#.#######.#..## #.
#.##..### #.
#.###.†.### ..
###..###....## #.
#.....###....# #.
#.#.#.# ##...# #.#.#.#
#...# #.#####.....#
#.#######.#


You could see a hound.

Vanquished Creatures
  A dart slug (D:2)
  A bat (D:2)
  2 hobgoblins
  4 frilled lizards
  5 goblins
  2 kobolds
15 creatures vanquished.

Notes
Turn   | Place    | Note
-------+----------+-------------------------------------------
     0 | D:1      | Maedhros the Octopode Artificer began the quest for the
                  | Orb.
     0 | D:1      | Reached XP level 1. HP: 13/13 MP: 3/3
   148 | D:2      | Found an opulent altar of Gozag.
   223 | D:2      | Reached XP level 2. HP: 15/18 MP: 4/4
   363 | D:3      | Found a burning altar of Makhleb.
   370 | D:3      | Slain by a hound

Illustrated notes

Levels and vault maps discovered:
D:1:      minmay_arrival_diagonal_passages, layout_loops_ring, minmay_cut_off
D:2:      layout_basic, nicolae_gozag_cash_rules_everything_around_me
D:3:      layout_loops_ring, minitemple, makhleb_blood_cavern_becter,
          uniq_jessica

Skill      XL: |  1  2 |
---------------+-------+-----
Stealth        | 2 3 |  3.7
Fighting       | |  1.0
Short Blades   | |  1.0
Dodging        | |  2.0
Evocations     | |  3.2

Action                   || total
-------------------------++-------
Melee: Short sword       ||    30
       Constrict         ||     7
       Tentacles         ||     4
Evoke: Wand              ||     2
  Use: Scroll            ||     3
 Stab: Sleeping          ||     5
Armor: Skin              ||     2
Dodge: Dodged            ||    18

Table legend:
 A = Non-vault XP
 B = Vault XP
 C = Vault XP percentage of total XP
 D = Non-vault monster count
 E = Vault monster count
 F = Vault count percentage of total count
                 A         B        C        D         E       F
            +---------+---------+-------+---------+---------+-------
      Total |      25 |       0 |   0.0 |      15 |       0 |   0.0
            +---------+---------+-------+---------+---------+-------
        D:1 |       3 |       0 |   0.0 |       2 |       0 |   0.0
        D:2 |      16 |       0 |   0.0 |       9 |       0 |   0.0
        D:3 |       6 |       0 |   0.0 |       4 |       0 |   0.0
            +---------+---------+-------+---------+---------+-------
